 Dungeon Crawl Stone Soup version 0.24.1-14-gf8d2b509d9 (webtiles) character file.

Game seed: 8509611796934025976, levelgen mode: deterministic

76010 Chiseanne the Fighter (level 15, -4/120 HPs)
             Began as a Gnoll Wanderer on May 31, 2020.
             Was an Initiate of Gozag.
             Slain by a golden dragon zombie (12 damage)
             ... on level 3 of the Abyss.
             The game lasted 01:58:04 (20841 turns).

Chiseanne the Fighter (Gnoll Wanderer)             Turns: 20841, Time: 01:58:04

Health: -4/120     AC: 14    Str: 20 (21) XL:     15   Next: 52%
Magic:  0/29       EV: 21    Int: 17      God:    Gozag
Gold:   724        SH:  0    Dex: 20      Spells: 21/34 levels left

rFire    + . .     SeeInvis +   a - +4 morningstar (holy)
rCold    + . .     Gourm    .   g - +2 large shield "Zyss" {+Blink Str+4}
rNeg     + . .     Faith    .   X - +2 leather armour "Lutwyunno" {rF+ rC+ Str+2 Dex+2}
rPois    .         Spirit   +   m - +1 helmet {SInv}
rElec    .         Reflect  .   p - scarf {repulsion}
rCorr    .         Harm     .   F - +2 pair of gloves
MR       +....     Rnd*Rage +   b - +1 pair of boots
Stlth    ++........             O - amulet of guardian spirit
HPRegen  0.30/turn              J - ring of positive energy
MPRegen  0.21/turn              M - +4 ring of evasion

@: confused, berserk cooldown, slowed, repel missiles, very slow
A: distributed training, fangs 1, [berserk 2], [deterioration 1], strong nose
a: Potion Petition, Call Merchant, Bribe Branch, Renounce Religion, Evoke Blink


You were on level 3 of the Abyss.
You worshipped Gozag.
Gozag was pleased with you.
You were not hungry.

You visited 4 branches of the dungeon, and saw 22 of its levels.
You visited the Abyss 1 time.
You also visited: Ossuary.

You collected 8417 gold pieces.
You spent 6205 gold pieces at shops.
You paid 1488 gold pieces to Gozag.

Inventory:

Hand Weapons
 a - a +4 morningstar of holy wrath (weapon)
 d - the +7 war axe "Plog" {chop, +Rage MP-9 Dex+3}
   (You found it on level 6 of the Lair of Beasts)

   It inflicts extra damage upon your enemies.
   It affects your dexterity (+3).
   It affects your magic capacity (-9).
   It lets you go berserk.
 s - the +9 short sword "Embalmer" {drain, rC+ rN+ Int+4}
   (You bought it in a shop on level 2 of the Orcish Mines)

   A truly terrible weapon, it drains the life of those it strikes.
   It affects your intelligence (+4).
   It protects you from cold.
   It protects you from negative energy.
 w - a +0 hunting sling
 I - a +1 broad axe of pain
Missiles
 j - 18 boomerangs (quivered)
 v - 2 silver boomerangs
 x - 8 atropa-tipped darts
 G - 2 throwing nets
 N - 5 boomerangs of dispersal
Armour
 b - a +1 pair of boots (worn)
 g - the +2 large shield "Zyss" (worn) {+Blink Str+4}
   (You bought it in a shop on level 6 of the Dungeon)

   It affects your strength (+4).
   It lets you blink.
 m - a +1 helmet of see invisible (worn)
 p - a scarf of repulsion (worn)
 F - a +2 pair of gloves (worn)
 S - the +4 chain mail "Ficworch" {rN++ Stlth-}
   (You bought it in a shop on level 1 of the Lair of Beasts)

   It greatly protects you from negative energy.
   It makes you less stealthy.
 X - the +2 leather armour "Lutwyunno" (worn) {rF+ rC+ Str+2 Dex+2}
   (You bought it in a shop on level 2 of the Orcish Mines)

   It affects your strength (+2).
   It affects your dexterity (+2).
   It protects you from fire.
   It protects you from cold.
Jewellery
 h - an uncursed ring of resist corrosion
 n - an uncursed amulet of rage
 J - a ring of positive energy (left hand)
 L - an uncursed amulet of regeneration
 M - a +4 ring of evasion (right hand)
 O - an amulet of guardian spirit (around neck)
Wands
 c - a wand of digging (4)
 o - a wand of iceblast (6)
 A - a wand of enslavement (11)
 K - a wand of flame (16)
 Q - a wand of acid (3)
Scrolls
 e - 9 scrolls of remove curse
 i - 3 scrolls of immolation
 t - 8 scrolls of fog
 u - 3 scrolls of torment
 y - a scroll of summoning
 D - 6 scrolls of teleportation
 P - 2 scrolls of amnesia
 R - a scroll of holy word
 T - 3 scrolls of identify
 Z - a scroll of magic mapping
Potions
 k - 3 potions of magic
 l - 10 potions of mutation
 q - 8 potions of brilliance
 z - 4 potions of flight
 B - 3 potions of cancellation
 C - 5 potions of curing
 E - 2 potions of resistance
 H - 2 potions of ambrosia
 U - 3 potions of agility
 W - a potion of heal wounds
Miscellaneous
 V - a crystal ball of energy
Comestibles
 f - 24 rations


   Skills:
 + Level 11.7 Fighting
 + Level 10.0 Short Blades
 + Level 10.0 Long Blades
 + Level 10.0 Axes
 + Level 10.3 Maces & Flails
 + Level 10.0 Polearms
 + Level 10.3 Staves
 + Level 10.0 Slings
 + Level 10.0 Bows
 + Level 10.0 Crossbows
 + Level 10.3 Throwing
 + Level 10.3 Armour
 + Level 10.3 Dodging
 + Level 10.7 Stealth
 + Level 10.0 Shields
 + Level 10.0 Unarmed Combat
 + Level 10.0 Spellcasting
 + Level 8.4 Conjurations
 + Level 8.4 Hexes
 + Level 8.4 Charms
 + Level 8.4 Summonings
 + Level 8.4 Necromancy
 + Level 8.4 Translocations
 + Level 8.4 Transmutations
 + Level 8.4 Fire Magic
 + Level 8.4 Ice Magic
 + Level 8.4 Air Magic
 + Level 8.4 Earth Magic
 + Level 8.4 Poison Magic
 + Level 10.8 Invocations
 + Level 10.0 Evocations


You had 21 spell levels left.
You knew the following spells:

 Your Spells              Type           Power        Failure   Level  Hunger
a - Shroud of Golubria    Chrm/Tloc      #####.       3%          2    None
b - Regeneration          Chrm/Necr      #####.....   6%          3    None
c - Force Lance           Conj/Tloc      #####...     22%         4    ###....
d - Summon Ice Beast      Ice/Summ       #####...     22%         4    ###....

Your spell library contained the following spells:

 Spells                   Type           Power        Failure   Level  Hunger
 Infusion                 Chrm           ####         2%          1    None
 Magic Dart               Conj           ####         2%          1    None
 Summon Small Mammal      Summ           ####         2%          1    None
 Call Imp                 Summ           #####...     3%          2    None
 Searing Ray              Conj           #####.       3%          2    None
 Song of Slaying          Chrm           #####...     3%          2    None
 Call Canine Familiar     Summ           #####...     6%          3    None
 Dazzling Spray           Conj/Hex       #####.       6%          3    None
 Spectral Weapon          Hex/Chrm       #####...     6%          3    None
 Summon Guardian Golem    Hex/Summ       #####...     6%          3    None
 Fulminant Prism          Conj/Hex       #####.....   22%         4    ###....
 Iskenderun's Mystic Bla  Conj           #####...     22%         4    ###....
 Leda's Liquefaction      Hex/Erth       #####.....   22%         4    ###....
 Summon Lightning Spire   Summ/Air       #####...     22%         4    ###....
 Bolt of Magma            Conj/Fire/Erth #####.....   52%         5    #####..
 Iron Shot                Conj/Erth      #####.....   97%         6    ######.
 Statue Form              Tmut/Erth      #####....    97%         6    ######.
 Shatter                  Erth           #####.....   100%        9    #######


Dungeon Overview and Level Annotations

Branches:
Dungeon (13/15)            Temple (1/1) D:6            Lair (6/6) D:11
 Shoals (0/4) Lair:4       Spider (0/4) Lair:2        Slime (0/5) Lair:6
    Orc (2/2) D:9             Elf (0/3) Orc:2       Ossuary (visited)
 Vaults: D:13-14

Altars:
Ashenzari
Cheibriados
Dithmenos
Elyvilon
Fedhas
Gozag
Hepliaklqana
Kikubaaqudgha
Makhleb
Nemelex Xobeh
Okawaru
Ru
Trog
Uskayaw
Vehumet
Wu Jian
Xom
Yredelemnul
The Shining One
Beogh
Jiyva

Shops:
D:6 :(%![   D:11 *   D:12 !   Orc:1 *   Orc:2 *=([   Lair:1 [

Portals:
Hell: Lair:6

Annotations:
D:8 exclusion: statue
Lair:2 exclusion: oklob plant
Orc:2 exclusion: upstairs


Innate Abilities, Weirdness & Mutations

Your experience applies equally to all skills.
You have very sharp teeth.
Your uncanny sense of smell can sniff out nearby items.
[You often lose your temper in combat.]
[Your body sometimes deteriorates upon taking damage.]


Message History

The golden eye blinks at you. You resist with some effort.
The large abomination hits you.
The golden dragon zombie closely misses you.
The golden dragon zombie claws you!
* * * LOW HITPOINT WARNING * * *
Your body deteriorates!
You feel weakened.
The golden dragon zombie closely misses you.
The large abomination hits you.
* * * LOW HITPOINT WARNING * * *
The golden eye blinks at you.
You are more confused.
You feel better. The golden eye blinks at you.
You are confused.
A starcursed mass comes into view.
The golden dragon zombie bites you!!
* * * LOW HITPOINT WARNING * * *
The golden dragon zombie claws you!
You die...
Your body crumbles into a pile of gold.

. .. ....... . . .
....... ... .......
. ..# X...... .. ..
#.....G ..... .
#....G #####. . ..
#..GX####.##.......
. #@# ....... . .#
+ZX...... .. # . .
#$.###..... . .
.......#### ##.. .
. #. .. [ .. . .. .
#. ... .. .. # #...
#.. . . . ....... .
. .. . ..... . . ..
. .


You could see a starcursed mass (wandering), 2 large abominations, 3 golden eyes
and a golden dragon zombie.

Vanquished Creatures
  A tentacled starspawn (Abyss:3)
  An orc warlord (Orc:2)
  A dire elephant (Lair:6)
  Snorg (D:10)
  4 hydras
  A rakshasa (Abyss:3)
  3 centaur warriors (D:13)
  2 two-headed ogres
  5 death yaks (Lair:6)
  2 orc high priests (Orc:2)
  A queen ant (D:9)
  Nergalle (Lair:2)
  A fire crab (Lair:6)
  A sixfirhy (Lair:6)
  2 wizards
  An unseen horror (Abyss:3)
  A lindwurm (Lair:6)
  An orc knight (Orc:2)
  2 ugly things
  A necromancer (D:13)
  A moth of wrath (Orc:2)
  4 manticores
  3 cyclopes
  3 deep elf magi (D:12)
  A salamander (Orc:2)
  Maurice (Orc:2)
  3 black mambas
  A merfolk siren (Lair:4)
  3 gargoyles
  2 torpor snails
  A smoke demon (Lair:6)
  11 spiny frogs
  An orange demon (Lair:6)
  A yaktaur (D:13)
  A rime drake (Lair:3)
  11 komodo dragons
  2 ice devils (Lair:6)
  2 red devils (Lair:6)
  2 jumping spiders (Lair:2)
  5 trolls
  2 polar bears
  Grinder (D:6)
  6 slime creatures
  Prince Ribbit (D:9)
  14 blink frogs
  9 hippogriffs
  3 redbacks (Lair:2)
  A spriggan (D:7)
  A shadow (D:10)
  5 wyverns
  A wraith (D:13)
  A tarantella (Orc:2)
  54 yaks
  2 vampires
  5 basilisks
  A large abomination (Abyss:3)
  12 humans (D:13)
  3 vampire mosquitoes (D:8)
  8 water moccasins
  11 soldier ants (D:9)
  5 hell hounds (Lair:6)
  7 porcupines
  30 orc warriors
  A sky beast (D:11)
  A black bear (D:6)
  5 ice beasts
  A phantom (D:6)
  32 wolves
  5 boggarts (D:13)
  A centaur (D:10)
  14 ogres
  4 crocodiles
  A big kobold (D:10)
  11 bullfrogs
  4 scorpions
  2 small abominations (Abyss:3)
  15 killer bees
  A howler monkey (D:6)
  15 wights
  An electric eel (D:8)
  7 crimson imps
  2 bullfrog zombies
  3 centaur zombies
  5 jellies
  27 orc wizards
  23 orc priests
  6 hounds
  2 bullfrog skeletons
  5 centaur skeletons
  39 worker ants
  5 iguanas
  2 hell rats (Lair:6)
  A killer bee zombie (D:7)
  A big kobold zombie (Ossuary)
  2 hound skeletons
  8 mummies (Ossuary)
  9 gnolls
  A howler monkey skeleton (D:11)
  8 adders
  8 river rats (Lair:6)
  2 shadow imps
  4 oozes
  2 dart slugs
  6 leopard geckos
  78 orcs
  3 bats (D:1)
  5 giant cockroaches
  2 jackals (D:9)
  4 quokkas
  A ball python (D:1)
  2 frilled lizards
  A gnoll zombie (Ossuary)
  4 goblins
  4 hobgoblin zombies (Ossuary)
  A jackal skeleton (D:6)
  A jackal zombie (D:7)
  11 kobolds
  2 orc zombies (Ossuary)
  A quokka zombie (D:8)
  A rat (D:1)
  A rat zombie (D:8)
  A fungus (Lair:6)
  A starspawn tentacle (Abyss:3)
691 creatures vanquished.

Vanquished Creatures (collateral kills)
  A crocodile (D:12)
  5 killer bees (D:12)
  A worker ant (D:11)
  2 orcs (D:12)
9 creatures vanquished.

Vanquished Creatures (others)
  A human (D:13)
  3 orcs
  15 fungi
  14 plants
  8 starspawn tentacles (Abyss:3)
41 creatures vanquished.

Grand Total: 741 creatures vanquished

Notes
Turn   | Place    | Note
-------+----------+-------------------------------------------
     0 | D:1      | Chiseanne the Gnoll Wanderer began the quest for the Orb.
     0 | D:1      | Chiseanne set off with the following items: a +0
                  | quarterstaff, a +2 scale mail, a scroll of teleportation, a
                  | +0 dagger, a ration
     0 | D:1      | Reached XP level 1. HP: 23/23 MP: 1/1
    55 | D:1      | Reached XP level 2. HP: 28/29 MP: 2/2
   288 | D:2      | Reached XP level 3. HP: 35/35 MP: 3/3
   351 | D:3      | Reached skill level 1 in Short Blades
   351 | D:3      | Reached skill level 1 in Long Blades
   351 | D:3      | Reached skill level 1 in Axes
   351 | D:3      | Reached skill level 1 in Polearms
   351 | D:3      | Reached skill level 1 in Slings
   351 | D:3      | Reached skill level 1 in Bows
   351 | D:3      | Reached skill level 1 in Crossbows
   351 | D:3      | Reached skill level 1 in Shields
   351 | D:3      | Reached skill level 1 in Unarmed Combat
   351 | D:3      | Reached skill level 1 in Spellcasting
   351 | D:3      | Reached skill level 1 in Invocations
   351 | D:3      | Reached skill level 1 in Evocations
   351 | D:3      | Reached XP level 4. HP: 8/41 MP: 3/5
   674 | D:3      | Found a shimmering altar of Xom.
   675 | D:3      | Found a hazy altar of Hepliaklqana.
   702 | D:3      | Noticed a spectral ugly thing
   830 | D:2      | Found a hide-covered altar of Uskayaw.
  1102 | D:3      | Reached skill level 1 in Conjurations
  1102 | D:3      | Reached skill level 1 in Hexes
  1102 | D:3      | Reached skill level 1 in Charms
  1102 | D:3      | Reached skill level 1 in Summonings
  1102 | D:3      | Reached skill level 1 in Necromancy
  1102 | D:3      | Reached skill level 1 in Translocations
  1102 | D:3      | Reached skill level 1 in Transmutations
  1102 | D:3      | Reached skill level 1 in Fire Magic
  1102 | D:3      | Reached skill level 1 in Ice Magic
  1102 | D:3      | Reached skill level 1 in Air Magic
  1102 | D:3      | Reached skill level 1 in Earth Magic
  1102 | D:3      | Reached skill level 1 in Poison Magic
  1387 | D:4      | Reached XP level 5. HP: 41/47 MP: 5/7
  1428 | D:4      | Found a white marble altar of Elyvilon.
  1480 | D:4      | Reached XP level 6. HP: 40/53 MP: 8/8
  1577 | D:4      | Found a snail-covered altar of Cheibriados.
  1953 | D:4      | Found a shadowy altar of Dithmenos.
  2224 | D:5      | Entered Level 5 of the Dungeon
  2342 | D:5      | Got a bloodstained ring mail
  2371 | D:5      | Identified the cursed +0 ring mail "Cimisk" {MR+ rCorr
                  | Int+3 Slay-3} (You found it on level 5 of the Dungeon)
  2529 | D:6      | Noticed an orc warrior
  2580 | D:5      | Reached XP level 7. HP: 44/59 MP: 10/10
  2589 | D:5      | Reached skill level 7 in Fighting
  3081 | D:5      | Reached skill level 5 in Stealth
  3176 | D:5      | Found a sacrificial altar of Ru.
  3254 | D:5      | HP: 2/60 [something/magic dart (7)]
  3588 | D:6      | Found Ynliupt's Antique Weapon Emporium.
  3665 | D:6      | Reached XP level 8. HP: 67/67 MP: 12/12
  3734 | D:6      | Found an ornate altar of the Wu Jian Council.
  3981 | D:6      | Found Yfenk's Book Emporium.
  4270 | D:6      | Found a staircase to the Ecumenical Temple.
  4285 | Temple   | Entered the Ecumenical Temple
  4330 | Temple   | Became a worshipper of Gozag Ym Sagoz the Greedy
  4407 | D:6      | Found Ridaschoq's Distillery.
  4415 | D:6      | Bought a potion of might for 44 gold pieces
  4415 | D:6      | Bought a potion of lignification for 33 gold pieces
  4437 | D:6      | Noticed Grinder
  4487 | D:6      | Paralysed by Grinder for 2 turns
  4492 | D:6      | Killed Grinder
  4492 | D:6      | Reached XP level 9. HP: 43/72 MP: 14/14
  4850 | D:6      | Found Noat's Food Shoppe.
  5061 | D:6      | Found Sihuut's Armour Shop.
  5465 | D:7      | Reached skill level 5 in Maces & Flails
  5465 | D:7      | Reached skill level 5 in Staves
  5465 | D:7      | Reached skill level 5 in Throwing
  5465 | D:7      | Reached skill level 5 in Armour
  5465 | D:7      | Reached skill level 5 in Dodging
  5819 | D:8      | Reached skill level 8 in Fighting
  5955 | D:8      | Reached skill level 5 in Invocations
  6095 | D:8      | Reached XP level 10. HP: 35/80 MP: 17/17
  6317 | D:8      | Found a radiant altar of Vehumet.
  6352 | D:8      | Found a sand-covered staircase.
  6359 | Ossuary  | Entered an ossuary
  6794 | D:8      | Reached skill level 5 in Short Blades
  6794 | D:8      | Reached skill level 5 in Long Blades
  6794 | D:8      | Reached skill level 5 in Axes
  6794 | D:8      | Reached skill level 5 in Polearms
  6794 | D:8      | Reached skill level 5 in Slings
  6794 | D:8      | Reached skill level 5 in Bows
  6794 | D:8      | Reached skill level 5 in Crossbows
  6794 | D:8      | Reached skill level 5 in Shields
  6794 | D:8      | Reached skill level 5 in Unarmed Combat
  6794 | D:8      | Reached skill level 5 in Spellcasting
  6794 | D:8      | Reached skill level 5 in Evocations
  7012 | D:9      | Found a staircase to the Orcish Mines.
  7102 | D:6      | Bought a +2 scale mail of fire resistance for 210 gold
                  | pieces
  7115 | D:6      | Bought a +0 pair of boots for 45 gold pieces
  7120 | D:6      | Bought a +2 pair of gloves for 165 gold pieces
  7133 | D:6      | Bought a scarf of repulsion for 120 gold pieces
  7146 | D:6      | Bought the +2 large shield "Zyss" {+Blink Str+4} for 369
                  | gold pieces
  7179 | D:6      | Bought a potion of curing for 33 gold pieces
  7179 | D:6      | Bought a potion of curing for 33 gold pieces
  7841 | D:9      | Noticed a queen ant
  7876 | D:9      | Killed a queen ant
  8239 | D:9      | Reached XP level 11. HP: 87/87 MP: 19/19
  8411 | D:9      | Noticed Prince Ribbit
  8418 | D:9      | Killed Prince Ribbit
  8700 | Orc:1    | Entered Level 1 of the Orcish Mines
  8700 | Orc:1    | Noticed a cyclops
  8703 | Orc:1    | Killed a cyclops
  8703 | Orc:1    | Reached skill level 9 in Fighting
  8716 | Orc:1    | Reached skill level 5 in Conjurations
  8716 | Orc:1    | Reached skill level 5 in Hexes
  8716 | Orc:1    | Reached skill level 5 in Charms
  8716 | Orc:1    | Reached skill level 5 in Summonings
  8716 | Orc:1    | Reached skill level 5 in Necromancy
  8716 | Orc:1    | Reached skill level 5 in Translocations
  8716 | Orc:1    | Reached skill level 5 in Transmutations
  8716 | Orc:1    | Reached skill level 5 in Fire Magic
  8716 | Orc:1    | Reached skill level 5 in Ice Magic
  8716 | Orc:1    | Reached skill level 5 in Air Magic
  8716 | Orc:1    | Reached skill level 5 in Earth Magic
  8716 | Orc:1    | Reached skill level 5 in Poison Magic
  8774 | Orc:1    | Noticed a cyclops
  8788 | Orc:1    | Killed a cyclops
  8802 | Orc:1    | Found Irran's General Store.
  8881 | Orc:1    | Bought 2 potions of degeneration for 36 gold pieces
  8884 | Orc:1    | Bought a wand of polymorph (8) for 180 gold pieces
  8884 | Orc:1    | Bought a scroll of enchant weapon for 135 gold pieces
  8884 | Orc:1    | Bought a scroll of identify for 36 gold pieces
  8884 | Orc:1    | Bought 2 potions of curing for 108 gold pieces
  8884 | Orc:1    | Bought a potion of invisibility for 144 gold pieces
  9371 | D:6      | Bought a potion of ambrosia for 88 gold pieces
  9371 | D:6      | Bought a potion of berserk rage for 55 gold pieces
  9371 | D:6      | Bought a potion of haste for 110 gold pieces
  9371 | D:6      | Bought a potion of agility for 44 gold pieces
  9371 | D:6      | Bought 2 potions of might for 88 gold pieces
  9371 | D:6      | Bought a potion of might for 44 gold pieces
  9465 | Orc:2    | Entered Level 2 of the Orcish Mines
  9568 | D:6      | Bought 2 potions of mutation for 176 gold pieces
 10124 | Orc:2    | Noticed an orc high priest
 10143 | Orc:2    | Killed an orc high priest
 10209 | Orc:2    | Noticed an orc sorcerer
 10215 | Orc:2    | an orc sorcerer changed into a tarantella
 10251 | Orc:2    | Noticed an orc knight
 10281 | Orc:2    | Noticed a moth of wrath
 10281 | Orc:2    | an orc knight changed into a moth of wrath
 10288 | Orc:2    | Killed a moth of wrath
 10406 | Orc:2    | Noticed an orc knight
 10416 | Orc:2    | Noticed a two-headed ogre
 10416 | Orc:2    | an orc knight changed into a two-headed ogre
 10429 | Orc:2    | Killed a two-headed ogre
 10526 | Orc:2    | Noticed an orc sorcerer
 10527 | Orc:2    | Noticed a salamander
 10527 | Orc:2    | an orc sorcerer changed into a salamander
 10640 | Orc:2    | Reached XP level 12. HP: 94/96 MP: 22/22
 10695 | Orc:2    | Noticed Maurice
 10696 | Orc:2    | Noticed an orc warlord
 10699 | Orc:2    | Found a roughly hewn altar of Beogh.
 10711 | Orc:2    | Killed an orc warlord
 10712 | Orc:2    | Noticed an orc high priest
 10727 | Orc:2    | Killed an orc high priest
 10734 | Orc:2    | Found Coutuc's Antique Weapon Shoppe.
 10902 | Orc:2    | Found Koafiqopn's General Store.
 10973 | Orc:2    | Bought a scroll of identify for 30 gold pieces
 10981 | Orc:2    | Found Usare's Jewellery Shoppe.
 11003 | Orc:2    | Found Moadghiha's Antique Armour Shoppe.
 11032 | Orc:2    | Talonman3: yo
 11032 | Orc:2    | Chiseanne: hi
 11032 | Orc:2    | Chiseanne: that asshole stole my dagger, would you beleve
                  | it ?
 11033 | Orc:2    | Found a staircase to the Elven Halls.
 11043 | Orc:2    | Killed Maurice
 11046 | Orc:2    | Talonman3: xD
 11049 | Orc:2    | Chiseanne: :D
 11049 | Orc:2    | Chiseanne: there it is again
 11164 | Orc:2    | Bought a runed broad axe for 203 gold pieces
 11164 | Orc:2    | Bought a dazzling short sword for 232 gold pieces
 11165 | Orc:2    | Identified the +9 short sword "Embalmer" {drain, rC+ rN+
                  | Int+4} (You bought it in a shop on level 2 of the Orcish
                  | Mines)
 11184 | Orc:2    | Bought a glowing helmet for 300 gold pieces
 11360 | D:10     | Entered Level 10 of the Dungeon
 11418 | D:10     | Found a blossoming altar of Fedhas.
 11447 | D:10     | Noticed Snorg
 11460 | D:10     | Killed Snorg
 12004 | D:11     | Reached skill level 10 in Fighting
 12045 | D:11     | Found a staircase to the Lair.
 12136 | D:11     | Noticed a two-headed ogre
 12154 | D:10     | Killed a two-headed ogre
 12320 | D:11     | Found Jeusec's General Store.
 12329 | D:11     | Reached XP level 13. HP: 41/103 MP: 24/24
 12363 | D:11     | Bought a scroll of blinking for 97 gold pieces
 12363 | D:11     | Bought a potion of curing for 39 gold pieces
 12363 | D:11     | Bought a scroll of fog for 26 gold pieces
 12363 | D:11     | Bought 2 potions of might for 104 gold pieces
 12480 | Lair:1   | Entered Level 1 of the Lair of Beasts
 12871 | Lair:1   | Bought a pitted chain mail for 275 gold pieces
 12882 | Lair:1   | Identified the +4 chain mail "Ficworch" {rN++ Stlth-} (You
                  | bought it in a shop on level 1 of the Lair of Beasts)
 12943 | Lair:2   | Found a snail-covered altar of Cheibriados.
 13043 | Lair:2   | Learned a level 2 spell: Shroud of Golubria
 13079 | Lair:2   | Found a hole to the Spider Nest.
 13118 | Lair:2   | HP: 5/103 [poisoned by a redback]
 13480 | Lair:2   | Noticed Nergalle
 13489 | Lair:2   | Killed Nergalle
 14741 | Orc:2    | Bought a scorched leather armour for 280 gold pieces
 14752 | Orc:2    | Identified the +2 leather armour "Lutwyunno" {rF+ rC+ Str+2
                  | Dex+2} (You bought it in a shop on level 2 of the Orcish
                  | Mines)
 14760 | Orc:2    | Learned a level 3 spell: Regeneration
 15307 | Lair:4   | Found a staircase to the Shoals.
 15865 | Lair:5   | Reached XP level 14. HP: 101/111 MP: 26/26
 15924 | Lair:6   | Entered Level 6 of the Lair of Beasts
 15924 | Lair:6   | Found a gate leading to a gauntlet.
 16430 | Lair:6   | Noticed a dire elephant
 16456 | Lair:6   | Killed a dire elephant
 16456 | Lair:6   | Reached skill level 11 in Fighting
 16661 | Lair:6   | Found a burning altar of Makhleb.
 16677 | Lair:6   | Reached skill level 10 in Stealth
 16722 | Lair:6   | HP: 2/113 [red devil/+0 trident (6)]
 16874 | Lair:6   | Found a gateway to Hell.
 16883 | Lair:6   | Got a translucent war axe
 16898 | Lair:6   | Identified the +7 war axe "Plog" {chop, +Rage MP-9 Dex+3}
                  | (You found it on level 6 of the Lair of Beasts)
 17049 | Lair:6   | Reached skill level 10 in Invocations
 17822 | Lair:6   | Found a runed translucent door.
 17822 | Lair:6   | Found a viscous altar of Jiyva.
 17822 | Lair:6   | Found a staircase to the Slime Pits.
 17899 | Lair:6   | Learned a level 4 spell: Force Lance
 17904 | Lair:6   | Learned a level 4 spell: Summon Ice Beast
 18130 | Orc:2    | Bought a +4 ring of evasion for 576 gold pieces
 18246 | D:6      | Bought a book of the Earth for 715 gold pieces
 18396 | D:11     | Bought a potion of mutation for 104 gold pieces
 18409 | D:12     | Found Goocaiw's Distillery.
 19060 | D:12     | Reached XP level 15. HP: 110/119 MP: 25/28
 19473 | D:13     | Reached skill level 10 in Maces & Flails
 19473 | D:13     | Reached skill level 10 in Staves
 19473 | D:13     | Reached skill level 10 in Throwing
 19473 | D:13     | Reached skill level 10 in Armour
 19473 | D:13     | Reached skill level 10 in Dodging
 20350 | D:12     | Bought a potion of curing for 48 gold pieces
 20350 | D:12     | Bought a potion of brilliance for 64 gold pieces
 20350 | D:12     | Bought a potion of heal wounds for 80 gold pieces
 20350 | D:12     | Bought a potion of ambrosia for 128 gold pieces
 20350 | D:12     | Bought a potion of cancellation for 128 gold pieces
 20350 | D:12     | Bought a potion of flight for 48 gold pieces
 20350 | D:12     | Bought a potion of invisibility for 128 gold pieces
 20350 | D:12     | Bought 2 potions of agility for 128 gold pieces
 20350 | D:12     | Bought a potion of curing for 48 gold pieces
 20350 | D:12     | Bought a potion of cancellation for 128 gold pieces
 20496 | D:13     | Cast into level 3 of the Abyss (a wizard)
 20622 | Abyss:3  | Noticed a tentacled starspawn
 20658 | Abyss:3  | Noticed a tentacled starspawn
 20660 | Abyss:3  | Noticed a tentacled starspawn
 20667 | Abyss:3  | Killed a tentacled starspawn
 20667 | Abyss:3  | Paralysed by accursed screaming for 2 turns
 20686 | Abyss:3  | Found a corrupted altar of Lugonu.
 20828 | Abyss:3  | Reached skill level 10 in Short Blades
 20828 | Abyss:3  | Reached skill level 10 in Long Blades
 20828 | Abyss:3  | Reached skill level 10 in Axes
 20828 | Abyss:3  | Reached skill level 10 in Polearms
 20828 | Abyss:3  | Reached skill level 10 in Slings
 20828 | Abyss:3  | Reached skill level 10 in Bows
 20828 | Abyss:3  | Reached skill level 10 in Crossbows
 20828 | Abyss:3  | Reached skill level 10 in Shields
 20828 | Abyss:3  | Reached skill level 10 in Unarmed Combat
 20828 | Abyss:3  | Reached skill level 10 in Spellcasting
 20828 | Abyss:3  | Reached skill level 10 in Evocations
 20841 | Abyss:3  | Slain by a golden dragon zombie

Levels and vault maps discovered:
D:1:      matt_arrival_diagonals, layout_loops_ring
D:2:      layout_loops_ring, lemuel_crystal_altar, led_sif_pool, first_ration,
          st_stairs_1, minmay_stone_trees_small
D:3:      minmay_roachtagon, layout_basic,
          grunt_temple_overflow_order_and_chaos_2,
          regret_index_temple_of_mockery, nicolae_overflow_hidden_temple,
          supply_closet_lemuel, kennysheep_generic_room_10
D:4:      layout_loops_cross, kennysheep_mini, kennysheep_slug_shrine,
          nicolae_dithmenos_the_darkroom
D:5:      layout_loops_ring, kennysheep_little_box, kennysheep_generic_room_11
D:6:      layout_gridville, overflow_temple_1_default,
          minmay_temple_entry_statues_pillars, serial_shops,
          nicolae_shop_statue_plus, nicolae_shop_crystal, nicolae_shop_trees,
          shop, nicolae_shop_trees, uniq_grinder
D:7:      layout_basic, the_bakery
D:8:      layout_layer_cave, vehumet_statue, enter_ossuary_4,
          minmay_crystal_water, eino_jars
D:9:      layout_basic, orc_0_dummy, zaba_anthell, uniq_prince_ribbit1
D:10:     layout_basic, basic_altar, uniq_snorg
D:11:     layout_cave_pools, lair_entry_dummy, serial_shops, shop_coins
D:12:     layout_irregular_city, serial_shops,
          nicolae_shop_temple_entry_statues_fountains
D:13:     layout_basic, grunt_vaults_entry_tiered, st_stairs_8
Temple:   cyrus_temple_forest
Lair:1:   layout_regular_city
Lair:2:   lemuel_slime, layout_cave_shapes, nicolae_spider_entry_tight_spaces,
          chequers_serial_rivers_micro_b, lemuel_oklob_altar, uniq_nergalle
Lair:3:   layout_chaotic_city, kennysheep_basilisk_garden
Lair:4:   layout_roguey, minmay_shoals_entry_lonely_mermaid,
          grunt_forest_large_clearings
Lair:5:   layout_hall_layers
Lair:6:   evil_forest, layout_regular_city, slime_altar_2,
          gauntlet_entry_generic, kennysheep_rathole, lemuel_fruit_fields
Orc:1:    layout_diamond_mine, serial_shops, shop_coins
Orc:2:    grunt_orc_cross, layout_diamond_mine, uniq_maurice
Abyss:3:  base: Lair:6, hangedman_abyss_or_decor_stabs,
          evilmike_abyss_rune_tso_outpost, serial_sigils_hangedman_quiver,
          nicolae_abyss_rune_star_stuff, abyss_exit_lava

Skill      XL: |  1  2  3  4  5  6  7  8  9 10 11 12 13 14 15 |
---------------+----------------------------------------------+-----
Short Blades   | 1 2 3 4 5 6 7 8 9 10 | 10.0
Long Blades    | 1 2 3 4 5 6 7 8 9 10 | 10.0
Axes           | 1 2 3 4 5 6 7 8 9 10 | 10.0
Polearms       | 1 2 3 4 5 6 7 8 9 10 | 10.0
Slings         | 1 2 3 4 5 6 7 8 9 10 | 10.0
Bows           | 1 2 3 4 5 6 7 8 9 10 | 10.0
Crossbows      | 1 2 3 4 5 6 7 8 9 10 | 10.0
Shields        | 1 2 3 4 5 6 7 8 9 10 | 10.0
Unarmed Combat | 1 2 3 4 5 6 7 8 9 10 | 10.0
Spellcasting   | 1 2 3 4 5 6 7 8 9 10 | 10.0
Invocations    | 1 2 3 4 5 6 7 8 9 10 | 10.8
Evocations     | 1 2 3 4 5 6 7 8 9 10 | 10.0
Conjurations   | 1 2 3 4 5 6 7 8 |  8.4
Hexes          | 1 2 3 4 5 6 7 8 |  8.4
Charms         | 1 2 3 4 5 6 7 8 |  8.4
Summonings     | 1 2 3 4 5 6 7 8 |  8.4
Necromancy     | 1 2 3 4 5 6 7 8 |  8.4
Translocations | 1 2 3 4 5 6 7 8 |  8.4
Transmutations | 1 2 3 4 5 6 7 8 |  8.4
Fire Magic     | 1 2 3 4 5 6 7 8 |  8.4
Ice Magic      | 1 2 3 4 5 6 7 8 |  8.4
Air Magic      | 1 2 3 4 5 6 7 8 |  8.4
Earth Magic    | 1 2 3 4 5 6 7 8 |  8.4
Poison Magic   | 1 2 3 4 5 6 7 8 |  8.4
Maces & Flails | 3 4 5 6 7 8 9 10 | 10.3
Staves         | 3 4 5 6 7 8 9 10 | 10.3
Throwing       | 3 4 5 6 7 8 9 10 | 10.3
Armour         | 3 4 5 6 7 8 9 10 | 10.3
Dodging        | 3 4 5 6 7 8 9 10 | 10.3
Fighting       | 7 8 9 10 11 | 11.7
Stealth        | 5 6 7 8 9 10 | 10.7

Action                   |  1- 3 |  4- 6 |  7- 9 | 10-12 | 13-15 || total
-------------------------+-------+-------+-------+-------+-------++-------
Melee: Quarterstaff      |    74 |   164 |   203 |       |       ||   441
       Bite              |     5 |    18 |    21 |   113 |   213 ||   370
       Morningstar       |       |       |    81 |   767 |  1047 ||  1895
       Punch             |       |       |     1 |       |       ||     1
       Dagger            |       |       |       |    55 |       ||    55
       Short sword       |       |       |       |    27 |   286 ||   313
Throw: Boomerang         |       |       |    27 |   213 |   117 ||   357
       Dart              |       |       |       |     5 |     7 ||    12
 Cast: Shroud of Golubri |       |       |       |       |     1 ||     1
Invok: Potion Petition   |       |       |       |     2 |     2 ||     4
       Call Merchant     |       |       |       |       |     1 ||     1
 Abil: Evoke Berserk Rag |       |       |     1 |       |       ||     1
Evoke: Wand              |       |     3 |    11 |    28 |    15 ||    57
       Sack of spiders   |       |       |       |       |     2 ||     2
  Use: Scroll            |       |    10 |     4 |    11 |    13 ||    38
       Potion            |       |     1 |     8 |    10 |    15 ||    34
 Stab: Sleeping          |       |     3 |     4 |     4 |    24 ||    35
       Distracted        |       |       |       |     4 |    23 ||    27
       Invisible         |       |       |       |    14 |     4 ||    18
  Eat: Chunk             |       |     6 |     5 |       |       ||    11
       Ration            |       |       |     3 |     7 |     8 ||    18
Armor: Scale mail        |    52 |    68 |   121 |   246 |    76 ||   563
       Skin              |       |       |       |    42 |       ||    42
       Leather armour    |       |       |       |       |   162 ||   162
Dodge: Dodged            |    59 |    66 |   181 |   249 |   544 ||  1099
       Deflected         |       |       |       |    16 |     5 ||    21
Block: Shield            |       |       |    51 |    92 |       ||   143
       Large shield      |       |       |       |   697 |  1300 ||  1997
